 Dungeon Sprint DCSS version 0.27-a0-109-g416527ed24 (webtiles) character file.

Game seed: 8825173504780040691

91 mhtbhm the Insei (level 4, -5/42 HPs)
             Began as an Octopode Transmuter on Jan 24, 2021.
             Slain by a water elemental (14 damage)
             ... in the Dungeon (Sprint III: "The Ten Rune Challenge").
             The game lasted 00:01:31 (1674 turns).

mhtbhm the Insei (Octopode Transmuter)              Turns: 1674, Time: 00:01:31

Health: -5/42      AC:  1    Str:  9    XL:     4   Next: 59%
Magic:  4/10       EV: 14    Int: 16    God:
Gold:   32         SH:  0    Dex: 12    Spells: 1/11 levels left

rFire    . . .     SeeInvis .     - Unarmed
rCold    . . .     Faith    .   (no shield)
rNeg     . . .     Spirit   .   (helmet currently unavailable)
rPois    .         Reflect  .   (no amulet)
rElec    .         Harm     .   (no ring)
rCorr    .         Rampage  .   (no ring)
Will     .....     NoTele   +   (no ring)
Stlth    ..........             (no ring)
HPRegen  0.14/turn              (no ring)
MPRegen  0.12/turn              (no ring)
                                (no ring)
                                (no ring)

@: berserking, appendages (expiring), wereblooded, very quick
A: almost no armour, stealthy swim, amphibious, 8 rings, constrict 8, tentacle
spike 3, camouflage 1, gelatinous body 1
a: End Transformation


You were in the Dungeon.
One of your tentacles had a temporary spike.
You visited 1 branch You collected 32 gold pieces.

Inventory:

Scrolls
 a - 2 scrolls of torment {unknown}
 g - a scroll of blinking
 h - 5 scrolls of identify
 i - a scroll of remove curse {unknown}
Potions
 b - a potion of curing
 c - 2 potions of heal wounds
 d - a potion of haste
 e - 2 potions of magic
 j - a potion of cancellation {unknown}
 k - a potion of flight {unknown}
 l - 4 potions of mutation


   Skills:
 + Level 1.5 Fighting
 + Level 3.3 Dodging
 + Level 2.5 Stealth
 + Level 6.5 Unarmed Combat
 + Level 4.1 Spellcasting
 + Level 3.6 Transmutations
 + Level 0.2 Poison Magic


You had one spell level left.
You knew the following spells:

 Your Spells              Type           Power        Failure   Level
a - Beastly Appendage     Tmut           30%          3%          1
b - Wereblood             Tmut           15%          5%          2
c - Spider Form           Tmut/Pois      4%           22%         3
d - Ice Form              Ice/Tmut       9%           61%         4

Your spell library contained the following spells:

 Spells                   Type           Power        Failure   Level
 Blade Hands              Tmut           7%           71%         5


Dungeon Overview and Level Annotations

Branches:
Dungeon (1/1)

Altars:


Innate Abilities, Weirdness & Mutations

You cannot wear most types of armour.
You are very stealthy in the water. (Stealth+)
You are amphibious.
You can wear up to eight rings at the same time.
You can use your tentacles to constrict eight enemies at once.
Your skin changes colour to match your surroundings (Stealth+).
Your rubbery body absorbs attacks. (AC +1, EV +1)
One of your tentacles bears a large vicious spike.


Message History

You tentacle-slap the water elemental but do no damage.
Your tentacle spike misses the water elemental.
The water elemental is moderately damaged.
The water elemental misses you.
A red film seems to cover your vision as you go berserk!
You feel yourself moving faster!
You feel mighty! The water elemental hits you.
* * * LOW HITPOINT WARNING * * *
You bludgeon the water elemental!
The water elemental is heavily damaged.
The water elemental misses you.
You barely miss the water elemental.
The water elemental is heavily damaged.
Your transformation is almost over.
You tentacle-slap the water elemental.
The water elemental is heavily damaged.
The water elemental barely misses you.
You tentacle-slap the water elemental.
The water elemental is severely damaged.
The water elemental hits you!
You die...

▓▓▓▓▓▓▓▓▓▓▓▓ ▓▓▓
<.#..'...♣.♣♣ ♣.#
..#..#..†...♣ ♣♣.#
#'####....♣♣♣ ..#
.....#....≈.♣♣♣♣.###+#+##
†....#...≈≈♣♣♣...#.......
.....#..≈≈≈≈♣...@E.⌠.....
####'#..≈≈≈≈≈≈.♣.#...####
(...)#.≈≈≈≈≈≈....#.⌠.#
.....#.≈≈≈≈≈.....#...#
.....#.≈≈≈.......#+###
'#####...........#
.................#
▓▓▓▓▓▓▓▓▓▓▓▓▓▓▓▓▓▓


You could see a water elemental.

Vanquished Creatures
  A scorpion (D)
  Jessica (D)
  A human (D)
  2 rats (D)
5 creatures vanquished.

Notes
Turn   | Place    | Note
-------+----------+-------------------------------------------
     0 | D        | mhtbhm the Octopode Transmuter began the quest for the Orb.
     0 | D        | Reached XP level 1. HP: 13/13 MP: 3/3
   212 | D        | Noticed Jessica
   221 | D        | Killed Jessica
   222 | D        | Reached skill level 1 in Stealth
   222 | D        | Reached skill level 5 in Unarmed Combat
   222 | D        | Reached XP level 2. HP: 2/18 MP: 3/6
   222 | D        | Reached XP level 3. HP: 3/23 MP: 3/7
   402 | D        | Learned a level 2 spell: Wereblood
   406 | D        | Learned a level 3 spell: Spider Form
   697 | D        | Noticed a scorpion
   705 | D        | Killed a scorpion
   706 | D        | Reached skill level 6 in Unarmed Combat
   706 | D        | Reached XP level 4. HP: 28/28 MP: 5/10
   731 | D        | Learned a level 4 spell: Ice Form
  1665 | D        | Noticed a water elemental
  1674 | D        | Slain by a water elemental

Illustrated notes

Levels and vault maps discovered:
D:        dungeon_sprint_mu [sprint_mu_entry_forest, sprint_mu_temple_rooms,
          sprint_mu_d1_horrors, sprint_mu_d2_genie, sprint_mu_d3_branching,
          sprint_mu_orc_legion, sprint_mu_elf_gauntlet, sprint_mu_hive_nellie,
          sprint_mu_lair_fedhas, sprint_mu_vaults_butterflies,
          sprint_mu_slime_circle, sprint_mu_shoals_archi,
          sprint_mu_snake_twists, sprint_mu_blade_basic, sprint_mu_crypt_lich,
          sprint_mu_tomb_spiral, sprint_mu_vestibule_basic,
          sprint_mu_gehenna_hellfire, sprint_mu_dis_giant,
          sprint_mu_tartarus_statrot, sprint_mu_cocytus_islands, sprint_mu_zot1]

Skill      XL: |  1  2  3 |
---------------+----------+-----
Stealth        | 1 2 |  2.5
Unarmed Combat | 5 6 |  6.5
Spellcasting   | 3 4 |  4.1
Transmutations | 3 |  3.6
Dodging        | 3 |  3.3
Fighting       | |  1.5
Poison Magic   | |  0.2

Action                   |  1- 3 |  4- 6 || total
-------------------------+-------+-------++-------
Melee: Unarmed           |    18 |     6 ||    24
       Constrict         |     2 |       ||     2
       Tentacles         |     2 |       ||     2
       Kick              |     1 |       ||     1
 Cast: Beastly Appendage |     2 |     1 ||     3
       Wereblood         |     2 |     1 ||     3
       Spider Form       |     2 |       ||     2
       Ice Form          |       |     1 ||     1
  Use: Potion            |       |     1 ||     1
 Stab: Sleeping          |     2 |       ||     2
Dodge: Dodged            |     6 |     3 ||     9

Table legend: (Time is in decaauts)
 A = Elapsed time spent in this place.
 B = Non-inter-level travel time spent in this place.
 C = Inter-level travel time spent in this place.
 D = Time resting spent in this place.
 E = Time spent auto-exploring this place.
 F = Levels seen in this place.
 G = Mean time per level.
                   A        B        C        D        E       F      G
               +--------+--------+--------+--------+--------+-----+--------+
         Total |   1672 |   1672 |      0 |   1532 |      1 |   1 | 1672.0 |
       Dungeon |   1672 |   1672 |      0 |   1532 |      1 |   1 | 1672.0 |
               +--------+--------+--------+--------+--------+-----+--------+

Top non-repeatable levels by time:
       D: 1672 daAuts
